 Dungeon Crawl Stone Soup version 0.17-a0-2093-gc772f4b (webtiles) character file.

117 brucemayne the Chopper (level 5, -12/45 HPs)
             Began as a Hill Orc Berserker on Oct 16, 2015.
             Was a Follower of Trog.
             Mangled by an ogre
             ... wielding a +0 giant club
              (26 damage)
             ... on level 4 of the Dungeon.
             The game lasted 00:03:19 (566 turns).

brucemayne the Chopper (Hill Orc Berserker)          Turns: 566, Time: 00:03:19

Health: -12/45     AC:  7    Str: 21      XL:     5   Next: 1%
Magic:  5/5        EV: 11    Int:  7      God:    Trog [*.....]
Gold:   57         SH:  0    Dex:  8 (10) Spells: 0 memorised, 4 levels left

rFire  . . .     SeeInvis .     a - +0 hand axe
rCold  + . .     Clarity  .     m - +0 ring mail
rNeg   . . .     SustAt   +     (no shield)
rPois  .         Gourm    .     f - +0 helmet
rElec  .         Spirit   .     (no cloak)
rCorr  .         Warding  .     (no gloves)
rMut   .         Stasis   .     i - +0 pair of boots
MR     .....                    (no amulet)
Stlth  ..........               q - ring of sustain attributes
                                j - ring of protection from cold

@: exhausted, slowed, very slow, not resistant to hostile enchantments,
extremely unstealthy
A: no striking features
a: Burn Spellbooks, Berserk, Renounce Religion


You were on level 4 of the Dungeon.
You worshipped Trog.
Trog was aware of your devotion.
You were very hungry.

You visited 1 branch of the dungeon, and saw 4 of its levels.

You collected 57 gold pieces.

Inventory:

Hand Weapons
 a - a +0 hand axe (weapon)
Armour
 b - a +0 animal skin
 f - a +0 helmet (worn)
 i - a +0 pair of boots (worn)
 m - a +0 ring mail (worn)
Jewellery
 j - a ring of protection from cold (left hand)
 q - a ring of sustain attributes (right hand)
Wands
 l - a wand of magic darts (26)
Potions
 d - a potion of curing
Books
 p - a book of Unlife

   Spells                             Type                      Level
   a - Recall                         Summoning/Translocation      3
   b - Animate Dead                   Necromancy                   4
   c - Control Undead                 Necromancy                   4
   d - Cigotuvi's Embrace             Necromancy                   5
   e - Death Channel                  Necromancy                   6
   f - Simulacrum                     Ice/Necromancy               6
   Trog disapproves of the use of such an item.
Comestibles
 c - 2 bread rations


   Skills:
 - Level 3.6 Fighting
 + Level 7.3 Axes
 - Level 2.1 Armour
 - Level 1.5 Dodging


You had 4 spell levels left.
You didn't know any spells.

Dungeon Overview and Level Annotations

Branches:
Dungeon (4/15)
 Temple: D:4-7

Altars:


Message History

Okay, then.
Read which item? (? for menu, Esc to quit)
As you read the scroll labeled LIASAM FAHER, it crumbles to dust.
You feel blessed for a moment.
It was a scroll of remove curse.
Read which item? (? for menu, Esc to quit)
As you read the scroll labeled DEOPSU JOEROXT, it crumbles to dust.
You hear the tinkle of a tiny bell.
It was a scroll of random uselessness.
The phantom blinks!
The ogre hits you with a giant club!
You swap places.
The ogre barely misses your butterfly.
The phantom completely misses your butterfly.
Read which item? (? for menu, Esc to quit)
As you read the scroll labeled NUOTHO GADERARGH, it crumbles to dust.
It is a scroll of identify.
Identify which item? (\ to view known items) (? for menu, Esc to quit)
l - a wand of magic darts (26)
The phantom barely misses your butterfly.
The ogre hits you with a giant club!!
Ouch! That really hurt!
You die...

###.....#........#####....
.S........#.............#
###...........b.........#
###.......#.............#
........#.#.............#
####....#.#.............#
# #........###.........#
####...##.## ##'########
...<...##. #@# ####...##
#O#### # ....... #....# #
....... #bbb.# #
#.###.#.####b.b.##### # ..
#........W....... #
..W#...O...†)....... .
...........†.b......
..#................


You could see a phantom and an ogre.

Vanquished Creatures
  2 worker ants (D:4)
  5 adders
  The ghost of brucemayne the Chopper, a weakling HOBe of Trog (D:3)
  An adder skeleton (D:4)
  An orc (D:4)
  A hobgoblin (D:2)
  3 bats
  3 giant newts
  A goblin (D:1)
  2 jackals (D:4)
  6 rats
26 creatures vanquished.

Notes
Turn   | Place    | Note
--------------------------------------------------------------
     0 | D:1      | brucemayne the Hill Orc Berserker began the quest for the Orb.
     0 | D:1      | Reached XP level 1. HP: 19/19 MP: 1/1
   201 | D:3      | Reached skill level 5 in Axes
   201 | D:3      | Reached XP level 2. HP: 19/26 MP: 2/2
   216 | D:3      | Noticed brucemayne's ghost (weakling HOBe)
   223 | D:3      | Killed brucemayne's ghost
   256 | D:3      | Reached XP level 3. HP: 11/31 MP: 3/3
   431 | D:4      | Noticed a phantom
   465 | D:4      | Reached skill level 6 in Axes
   465 | D:4      | Reached XP level 4. HP: 29/39 MP: 4/4
   540 | D:4      | Reached skill level 7 in Axes
   544 | D:4      | Reached XP level 5. HP: 28/45 MP: 5/5
   545 | D:4      | Reached ** piety under Trog
   556 | D:4      | Noticed an ogre
   566 | D:4      | Mangled by an ogre

Vault maps used:
D:1:      noname_arrival_rooms_in_the_neighbourhood
D:2:      wad_lake_hut, first_bread, nrook_mini_backslash, grunt_decor_arrowhead
D:3:      ecumenical_altar_2, portal_sewer_entry_e, hex_intersection
D:4:      st_stairs_3, bloody_trog

Action                   |  1- 3 |  4- 6 || total
-------------------------+-------+-------++-------
Melee: Hand axe          |    52 |    18 ||    70
Invok: Berserk           |     2 |     1 ||     3
       Trog's Hand       |       |     1 ||     1
  Use: Potion            |       |     4 ||     4
       Scroll            |       |     3 ||     3
  Eat: Chunk             |       |     1 ||     1
